 Dungeon Crawl Stone Soup version 0.21-a0-225-g207ae17 (webtiles) character file.

1374 tof the Cruncher (level 8, -4/60 HPs)
             Began as a Minotaur Gladiator on Aug 29, 2017.
             Was a Priest of Hepliaklqana.
             Slain by Leszczynek's ghost (13 damage)
             ... on level 7 of the Dungeon.
             The game lasted 00:13:18 (4619 turns).

tof the Cruncher (Minotaur Gladiator)               Turns: 4619, Time: 00:13:18

Health: -4/60      AC: 14    Str: 23    XL:     8   Next: 39%
Magic:  7/7        EV:  8    Int:  5    God:    Hepliaklqana [***...]
Gold:   431        SH:  0    Dex: 13    Spells: 7/7 levels left

rFire    . . .     SeeInvis .   a - +0 quarterstaff
rCold    . . .     Gourm    .   (shield currently unavailable)
rNeg     . . .     Faith    +   E - +0 plate armour
rPois    .         Spirit   .   c - +0 hat
rElec    .         Reflect  .   (no cloak)
rCorr    .         Harm     .   y - +0 pair of gloves
MR       .....                  (no boots)
Stlth    ..........             x - amulet of faith
HPRegen  0.20/turn              C - +1 ring of protection
MPRegen  0.10/turn              h - +3 ring of strength

@: no status effects
A: retaliatory headbutt, reduced essence, horns 2
a: Recall Ancestor, Ancestor Identity, Transference, Renounce Religion


You were on level 7 of the Dungeon.
You worshipped Hepliaklqana.
Hepliaklqana was most pleased with you.
You were hungry.

You visited 1 branch of the dungeon, and saw 7 of its levels.
You also visited: Sewer.

You collected 431 gold pieces.

Inventory:

Hand Weapons
 a - a +0 quarterstaff (weapon)
 b - a +0 blowgun
Missiles
 d - 3 throwing nets
 o - 4 needles of confusion
 q - 9 poisoned needles
 s - 3 javelins (quivered)
 F - 4 curare-tipped needles
Armour
 c - a +0 hat (worn)
 y - a +0 pair of gloves (worn)
 E - a +0 plate armour (worn)
Jewellery
 h - a +3 ring of strength (right hand)
 x - an amulet of faith (around neck)
 C - a +1 ring of protection (left hand)
Wands
 m - a wand of flame (31/48)
Scrolls
 e - 2 scrolls of remove curse
 u - 2 scrolls of recharging
 v - a scroll of fear
 B - a scroll of blinking
 G - a scroll of teleportation {unknown}
 I - a scroll of fog {unknown}
Potions
 i - 3 potions of curing {unknown}
 j - a potion of brilliance {unknown}
 k - a potion of lignification {unknown}
 l - 2 potions of agility {unknown}
 n - 2 potions of might {unknown}
 p - a potion of ambrosia {unknown}
 r - 2 potions of haste {unknown}
 t - a potion of degeneration {unknown}
 z - 4 potions of flight {unknown}
 A - 4 potions of heal wounds {unknown}
 H - 2 potions of mutation {unknown}
Comestibles
 f - 6 bread rations
 g - 4 chunks of flesh
 w - 4 fruits
 D - a royal jelly


   Skills:
 + Level 4.8 Fighting
 * Level 10.0 Staves
 + Level 2.2 Throwing
 * Level 5.9 Armour
 + Level 3.7 Dodging
 + Level 0.6 Stealth


You had 7 spell levels left.
You didn't know any spells.

Dungeon Overview and Level Annotations

Branches:
Dungeon (7/15)             Temple (0/1) D:5

Altars:
Elyvilon
Hepliaklqana
Makhleb
Nemelex Xobeh
Qazlal
Sif Muna
Wu Jian

Annotations:
D:7 Leszczynek's ghost, novice TrSk


Innate Abilities, Weirdness & Mutations

You reflexively headbutt those who attack you in melee.
You have a pair of horns on your head.
Your life essence is reduced to manifest your ancestor. (-10% HP)


Message History

Leszczynek's ghost's shroud falls apart!
Leszczynek's ghost gestures wildly while chanting.
Space distorts along a thin shroud covering Leszczynek's ghost's form.
Ku-aya closely misses Leszczynek's ghost.
Leszczynek's ghost hits Ku-aya.
You are feeling hungry.
Ku-aya closely misses Leszczynek's ghost.
Leszczynek's ghost hits Ku-aya.
Leszczynek's ghost's shroud bends your attack away.
Ku-aya misses Leszczynek's ghost.
Leszczynek's ghost hits Ku-aya!!
Ku-aya is destroyed!
Leszczynek's ghost turns its malevolent gaze towards you.
You closely miss Leszczynek's ghost. You headbutt Leszczynek's ghost.
Leszczynek's ghost is almost destroyed.
You closely miss Leszczynek's ghost.
Leszczynek's ghost is almost destroyed.
Leszczynek's ghost barely misses you.
Leszczynek's ghost's shroud bends your attack away.
Leszczynek's ghost hits you!
You die...

#..?.......#
#.((.......#
#..........#
#..........###
.............#
#..(.......#
#.W......#
#..@.....##[ ..
#...........
..##...........
................_.
.....#...#.#(.....
##..........#......
...#.###...........
#..>.#............
#................#


You could see Leszczynek's ghost.

Vanquished Creatures
  3 phantoms (D:6)
  An ogre (D:6)
  A centaur (D:6)
  A big kobold (Sewer)
  A bullfrog (D:6)
  2 howler monkeys
  A bullfrog zombie (D:5)
  A crimson imp (D:5)
  A hound (D:4)
  An orc wizard (D:6)
  A bullfrog skeleton (D:4)
  A gnoll shaman (D:6)
  Natasha (D:7)
  2 worker ants
  Robin (D:4)
  8 gnolls
  5 adders
  A river rat (Sewer)
  2 oozes (D:1)
  An adder skeleton (D:4)
  A worm (D:2)
  2 dart slugs
  3 leopard geckos
  8 orcs
  7 giant cockroaches
  12 goblins
  11 hobgoblins
  A jackal (Sewer)
  13 kobolds
  A ball python (D:3)
  9 bats
  6 frilled lizards
  A quokka skeleton (D:5)
  8 rats
119 creatures vanquished.

Vanquished Creatures (collateral kills)
  An ogre (D:5)
  A scorpion (D:6)
  A hound (D:5)
  A worker ant (D:6)
  3 gnolls
  A worm (D:4)
  A goblin (D:4)
  2 kobolds
11 creatures vanquished.

Vanquished Creatures (others)
  A hexer (D:7)
1 creature vanquished.

Grand Total: 131 creatures vanquished

Notes
Turn   | Place    | Note
-------+----------+-------------------------------------------
     0 | D:1      | tof the Minotaur Gladiator began the quest for the Orb.
     0 | D:1      | Reached XP level 1. HP: 18/18 MP: 0/0
    78 | D:1      | Reached skill level 4 in Staves
    87 | D:1      | Reached XP level 2. HP: 18/25 MP: 1/1
   591 | D:1      | Reached XP level 3. HP: 30/30 MP: 2/2
   696 | D:2      | Found a white marble altar of Elyvilon.
   726 | D:2      | Found a faded altar of an unknown god.
   759 | D:2      | Found a deep blue altar of Sif Muna.
   842 | D:2      | Reached skill level 1 in Armour
   874 | D:2      | Reached skill level 5 in Staves
  1090 | D:2      | Reached XP level 4. HP: 37/37 MP: 3/3
  1577 | D:3      | Found a hazy altar of Hepliaklqana.
  1632 | D:3      | Became a worshipper of Hepliaklqana the Forgotten
  1817 | D:3      | Found a sparkling altar of Nemelex Xobeh.
  2271 | D:4      | Noticed Robin
  2272 | D:4      | Reached XP level 5. HP: 40/40 MP: 4/4
  2289 | D:4      | Killed Robin
  2323 | D:4      | Reached skill level 6 in Staves
  2335 | D:4      | Found a stormy altar of Qazlal.
  2369 | D:4      | Noticed Natasha
  2372 | D:4      | Reached * piety under Hepliaklqana
  2547 | D:4      | Reached XP level 6. HP: 45/45 MP: 5/5
  2625 | D:5      | Entered Level 5 of the Dungeon
  2723 | D:5      | Reached skill level 7 in Staves
  3015 | D:5      | Found a staircase to the Ecumenical Temple.
  3057 | D:5      | Reached ** piety under Hepliaklqana
  3058 | D:5      | Remembered your ancestor Ku-aya as a hexer
  3069 | D:5      | Found a burning altar of Makhleb.
  3523 | D:6      | Reached XP level 7. HP: 51/52 MP: 6/6
  3554 | D:6      | Reached skill level 8 in Staves
  3649 | D:6      | Reached skill level 5 in Armour
  3722 | D:6      | Found a glowing drain.
  3743 | Sewer    | Entered a sewer
  3843 | Sewer    | Reached skill level 9 in Staves
  3843 | Sewer    | Reached XP level 8. HP: 59/60 MP: 7/7
  3879 | Sewer    | Found a white marble altar of Elyvilon.
  4358 | D:6      | Reached skill level 10 in Staves
  4361 | D:6      | Reached *** piety under Hepliaklqana
  4532 | D:7      | Killed Natasha
  4583 | D:7      | Found an ornate altar of the Wu Jian Council.
  4591 | D:7      | Noticed Leszczynek's ghost (novice TrSk)
  4619 | D:7      | Slain by Leszczynek's ghost

Vault maps used:
D:1:      dpeg_arrival_pits, minmay_misc_feat_encased, kennysheep_doodads,
          moated_statue, minivault_14
D:2:      lemuel_doored_altar, old_standard_altar,
          chequers_ecumenical_altar_twisty
D:3:      lemuel_round_altar, marbit_many_paths, first_bread
D:4:      grunt_qazlal_sundering, uniq_robin, uniq_natasha
D:5:      lemuel_crystal_altar, minmay_temple_entry_large_hall
D:6:      gup_sewer_entry_glass
D:7:      basic_altar, grunt_ogre_cave
Sewer:    sewer_kobolds

Skill      XL: |  1  2  3  4  5  6  7  8 |
---------------+-------------------------+-----
Staves         | 4 5 6 7 9 10 | 10.0
Armour         | 1 2 4 5 |  5.9
Fighting       | 3 4 |  4.8
Throwing       | |  2.2
Dodging        | |  3.7
Stealth        | |  0.6

Action                   |  1- 3 |  4- 6 |  7- 9 || total
-------------------------+-------+-------+-------++-------
Melee: Quarterstaff      |    61 |   127 |   112 ||   300
       Headbutt          |     6 |    23 |    26 ||    55
 Fire: Blowgun           |       |       |     3 ||     3
Throw: Javelin           |       |     4 |     1 ||     5
Invok: Ancestor Life: He |       |     1 |       ||     1
  Use: Scroll            |       |     6 |     1 ||     7
 Stab: Distracted        |       |     1 |       ||     1
  Eat: Chunk             |     1 |     6 |       ||     7
       Bread ration      |       |     1 |       ||     1
Armor: Leather armour    |     4 |       |       ||     4
       Ring mail         |     2 |       |       ||     2
       Plate armour      |    12 |    61 |    35 ||   108
       Skin              |       |       |     4 ||     4
Dodge: Dodged            |    36 |    48 |    31 ||   115

Table legend:
 A = Spawn XP
 B = Non-spawn XP
 C = Spawn XP percentage of total XP
 D = Spawn monster count
 E = Non-spawn monster count
 F = Spawn count percentage of total count
 G = Total turns spent on level
                    A         B        C        D         E        F      G
               +---------+---------+-------+---------+---------+-------+---------
         Total |     379 |    1585 |  19.3 |      13 |     117 |  10.0 |  4619
               +---------+---------+-------+---------+---------+-------+---------
           D:1 |       3 |      39 |   7.1 |       2 |      17 |  10.5 |   620
           D:2 |      15 |      66 |  18.5 |       2 |      15 |  11.8 |   751
           D:3 |       1 |      32 |   3.0 |       1 |      21 |   4.5 |   666
           D:4 |       0 |     229 |   0.0 |       0 |      21 |   0.0 |   588
           D:5 |     171 |     136 |  55.7 |       2 |       8 |  20.0 |   854
           D:6 |     189 |     891 |  17.5 |       6 |      23 |  20.7 |   812
           D:7 |       0 |      72 |   0.0 |       0 |       3 |   0.0 |    97
         Sewer |       0 |     120 |   0.0 |       0 |       9 |   0.0 |   231
               +---------+---------+-------+---------+---------+-------+---------
